Map: Alcyone LE

Players

Lambo

  • Race: Zerg Zerg
  • League: Grandmaster
  • Spawn Location: 7:00

LiquidClem (Clem) - Winner!

  • Race: Terran Terran
  • League: Grandmaster
  • Spawn Location: 1:00

VOD

Have the link to the VOD?

Description

Time

  • Played on: June 11, 2024, 9:49 a.m.
  • Length: 5:58
Show
View Real Time Build Order
Export as new Build Order

Lambo Zerg 

Build Orders: Hatch First 

Get SALT Encoding   

  12  0:00  Drone  
  13  0:12  Overlord  
  13  0:17  Drone  
  14  0:31  Drone x2  
  16  0:47  Hatchery  
  15  0:50  Drone  
  15  0:55  Drone  
  17  0:58  Drone  
  18  1:08  Extractor  
  17  1:12  Spawning Pool  
  17  1:16  Drone  
  17  1:19  Drone  
  18  1:27  Drone  
  19  1:38  Drone  
  20  1:49  Drone  
  21  1:59  Queen x2  
  21  2:00  Zergling x4  
  27  2:12  Hatchery  
  26  2:17  Overlord  
  26  2:20  Zergling x2  
  27  2:24  Drone  
  27  2:31  Drone  
  27  2:38  Queen  
  27  2:43  Queen  
  31  2:46  Drone  
  31  2:49  Zergling x2  
  33  2:53  Metabolic Boost  
  33  2:58  Overlord  
  33  3:01  Drone  
  34  3:07  Drone x2  
  36  3:18  Zergling x4  
  36  3:19  Drone x3  
  41  3:28  Drone x3  
  44  3:36  Drone x3  
  47  3:43  Queen  
  47  3:45  Overlord  
  47  3:46  Drone  
  50  3:48  Overlord  
  50  3:53  Overlord  
  50  4:00  Overlord  
  50  4:03  Queen  
  50  4:05  Drone x4  
  50  4:08  Overlord  
  56  4:11  Drone x2  
  56  4:13  Drone  
  59  4:18  Drone x2  
  59  4:22  Drone  
  62  4:28  Drone  
  62  4:30  Drone  
  63  4:35  Drone  
  64  4:40  Queen, Drone x2  
  64  4:44  Drone  
  69  4:47  Queen  
  69  4:49  Drone  
  69  4:50  Hatchery  
  69  4:51  Drone x2  
  69  4:52  Extractor  
  72  4:57  Zergling x6  
  75  5:01  Drone  
  75  5:03  Drone x4  
  75  5:05  Drone  
  75  5:06  Extractor  
  80  5:11  Drone x3  
  83  5:14  Drone x2  
  83  5:16  Drone  
  83  5:17  Extractor  
  83  5:18  Extractor  
  84  5:25  Drone x4, Spore Crawler  
  84  5:26  Spore Crawler  
  86  5:28  Overlord  
  86  5:33  Drone x3, Evolution Chamber x2  
  87  5:36  Baneling Nest, Drone x2  
  87  5:39  Drone  
Show
View Real Time Build Order
Export as new Build Order

LiquidClem Terran - Winner!

Build Orders:  

Get SALT Encoding   

  12  0:00  SCV  
  13  0:12  SCV  
  14  0:17  Supply Depot  
  14  0:24  SCV  
  15  0:39  SCV  
  15  0:40  Barracks  
  16  0:44  Refinery  
  16  0:51  SCV  
  17  0:58  Barracks  
  17  1:03  SCV  
  18  1:15  SCV  
  19  1:27  Reaper, Orbital Command  
  19  1:30  Supply Depot  
  20  1:45  Reaper  
  21  1:53  SCV  
  22  2:03  Reaper  
  22  2:07  Command Center  
  23  2:10  SCV  
  23  2:14  Refinery  
  24  2:21  Reaper  
  24  2:22  SCV  
  26  2:34  SCV  
  27  2:40  Reaper  
  28  2:46  SCV  
  28  2:49  Command Center  
  29  2:58  SCV  
  29  3:00  Factory  
  30  3:07  Barracks Tech Lab  
  30  3:10  SCV  
  30  3:12  Barracks Reactor  
  31  3:21  Orbital Command  
  31  3:23  SCV  
  32  3:27  Marine  
  33  3:37  SCV  
  33  3:38  Stimpack  
  34  3:46  SCV  
  34  3:47  Marine  
  36  3:49  SCV, Marine  
  36  3:50  Marine  
  36  3:51  Starport  
  39  3:58  Factory Reactor  
  39  3:59  SCV  
  39  4:01  SCV  
  39  4:02  Orbital Command  
  41  4:05  Marine  
  41  4:09  Marine  
  43  4:11  SCV, Marine  
  45  4:17  SCV  
  45  4:19  Supply Depot  
  45  4:23  SCV, Marine  
  48  4:27  Marine  
  48  4:28  SCV  
  48  4:29  SCV, Marine  
  52  4:34  Refinery  
  52  4:36  SCV  
  52  4:38  Medivac  
  55  4:39  Medivac  
  55  4:40  Marine  
  55  4:42  Engineering Bay  
  55  4:44  Marine  
  59  4:45  Engineering Bay  
  59  4:46  Orbital Command  
  59  4:47  SCV, Marine  
  59  4:49  SCV  
  62  4:52  Barracks  
  62  4:54  Factory Tech Lab  
  62  4:57  Supply Depot  
  62  4:58  Marine  
  63  5:02  SCV, Marine  
  63  5:04  SCV  
  63  5:05  Marine  
  67  5:09  Refinery  
  67  5:10  Supply Depot  
  67  5:11  SCV  
  68  5:16  SCV  
  68  5:17  Starport Reactor  
  68  5:18  Marine  
  70  5:21  Marine  
  70  5:24  Supply Depot, SCV  
  72  5:28  SCV  
  72  5:29  SCV  
  74  5:36  SCV  
  74  5:38  Marine  
  74  5:39  Marine  
  74  5:40  SCV  
  78  5:43  Supply Depot  
  76  5:50  Barracks  
  76  5:51  Barracks  
Tags
 
Add a new tag
Caveats
  • Supply blocks, unpowered buildings, or Contaminate may cause inaccurate times.
  • Supply counts are checked every 10 seconds.